 Dungeon Crawl Stone Soup version 0.30.1-11-g7821555f0a (webtiles) character file.

Game seed: 7996811628663940134

2705 Okkudo the Severer (level 9, -28/74 HPs)
             Began as a Hill Orc Monk on Dec 4, 2023.
             Was a High Priest of Beogh.
             Killed from afar by a molten gargoyle (29 damage)
             ... with a bolt of magma
             ... on level 9 of the Dungeon.
             The game lasted 00:28:11 (6931 turns).

Okkudo the Severer (Hill Orc Monk)                  Turns: 6931, Time: 00:28:12

Health: -28/74     AC: 11    Str: 18    XL:     9   Next: 65%
Magic:  9/9        EV:  8    Int: 10    God:    Beogh [*****.]
Gold:   424        SH:  0    Dex: 13    Spells: 8/8 levels left

rFire   . . .        O - +0 battleaxe
rCold   . . .        (shield currently unavailable)
rNeg    . . .        u - +0 chain mail
rPois   +            y - +0 helmet
rElec   .            (no cloak)
rCorr   .            o - +0 pair of gloves
SInv    .            D - +0 pair of boots
Will    .....        l - amulet of faith Stlth
                     t - ring of flight
HPRegen 0.32/turn    v - ring of poison resistance
MPRegen 0.11/turn

%: faith
@: flying
A: walk on water
a: Renounce Religion, Smiting, Recall Orcish Followers, Give Item to Named
Follower


You were on level 9 of the Dungeon.
You worshipped Beogh.
Beogh was extremely pleased with you.
You visited 1 branch of the dungeon, and saw 9 of its levels.

You collected 482 gold pieces.
You spent 58 gold pieces at shops.

Inventory:

Hand Weapons
 r - a +0 war axe
 w - the +6 dagger "Ygujoaz" {antimagic, *Corrode rN+ Dex+3}
   (You found it on level 3 of the Dungeon)

   Dex:       It affects your dexterity (+3).
   rN:        It protects you from negative energy.
   *Corrode:  It may corrode you when you take damage.
 M - the +0 hand axe of the Wolf {heavy, rPois rCorr Dex+2}
   (You found it on level 8 of the Dungeon)

   Dex:       It affects your dexterity (+2).
   rPois:     It protects you from poison.
   rCorr:     It protects you from acid and corrosion.
 O - a +0 battleaxe (weapon)
Missiles
 f - 5 atropa-tipped darts (quivered)
Armour
 o - a +0 pair of gloves (worn)
 u - a +0 chain mail (worn)
 y - a +0 helmet (worn)
 D - a +0 pair of boots (worn)
 F - the +0 leather armour of Otoit {Int-5 Dex+5}
   (You found it on level 8 of the Dungeon)

   Int:       It affects your intelligence (-5).
   Dex:       It affects your dexterity (+5).
Jewellery
 l - an amulet of faith (around neck)
 t - a ring of flight (left hand)
 v - a ring of poison resistance (right hand)
 C - an amulet of regeneration
 L - a ring of positive energy
Wands
 E - a wand of flame (16)
 H - a wand of polymorph (13)
 I - a wand of digging (2)
Scrolls
 a - 2 scrolls of fog
 b - a scroll of poison
 e - 3 scrolls of torment
 i - a scroll of enchant weapon
 j - 2 scrolls of magic mapping
 k - 6 scrolls of blinking
 p - 2 scrolls of amnesia
 q - a scroll of brand weapon
 x - 3 scrolls of teleportation
 A - a scroll of fear {unknown}
 B - 2 scrolls of vulnerability
 K - a scroll of enchant armour {unknown}
Potions
 c - a potion of ambrosia
 g - 4 potions of resistance {unknown}
 h - a potion of haste {unknown}
 m - a potion of mutation {unknown}
 n - 2 potions of attraction {unknown}
 s - 3 potions of lignification {unknown}
 z - 2 potions of degeneration {unknown}
 G - 3 potions of brilliance {unknown}
 J - a potion of magic {unknown}
 N - a potion of might {unknown}


   Skills:
 + Level 5.0 Fighting
 + Level 16.0 Axes
 - Level 3.3 Dodging


You had 8 spell levels left.
You didn't know any spells.
Your spell library contained the following spells:

 Spells                   Type           Power      Damage    Failure   Level
 Summon Small Mammal      Summ           0%         N/A       99%         1
 Call Canine Familiar     Summ           0%         N/A       100%        3
 Summon Guardian Golem    Hex/Summ       0%         N/A       100%        3
 Leda's Liquefaction      Hex/Erth       0%         N/A       100%        4
 Lee's Rapid Deconstruct  Erth           0%         3d4*      100%        5
 Statue Form              Tmut/Erth      0%         N/A       100%        6


Dungeon Overview and Level Annotations

Branches:
Dungeon (9/15)             Temple (0/1) D:4            Lair (0/5) D:8
    Orc (0/2) D:9

Altars:
Elyvilon
Gozag
Hepliaklqana
Makhleb
Nemelex Xobeh
Okawaru
Ru
Sif Muna
Trog
Uskayaw
Zin
The Shining One

Shops:
D:5 [   D:6 =

Annotations:
D:6 3 runed translucent doors, Wiggles's ghost, novice MiBe


Message History

The orc falls on its knees before you.
It shouts, "Surely Beogh must have sent you!" 2 orc wizards and an orc come into view.
Found a stone staircase leading down.
You swap places.
There is an open door here.
You swap places.
A molten gargoyle comes into view. It is wielding a +0 mace.
A molten gargoyle comes into view. It is wielding a +0 morningstar.
The molten gargoyle blasts magma at you!
The bolt of magma hits you!!
The molten gargoyle moves out of view.
Your orc wizard points at the molten gargoyle and mumbles some strange words.
The magic dart hits the molten gargoyle but does no damage.
You slash the molten gargoyle!
The molten gargoyle is moderately damaged.
Your orc wizard hits the molten gargoyle but does no damage. x2
A molten gargoyle comes into view. It is wielding a +0 morningstar.
The molten gargoyle closely misses you.
Your orc wizard hits the molten gargoyle but does no damage. x2
You hit the molten gargoyle.
The molten gargoyle is heavily damaged.
You hit the molten gargoyle but do no damage.
The molten gargoyle hits you with a +0 mace!
You are engulfed in flames!
Your orc hits the molten gargoyle but does no damage.
Your orc wizard hits the molten gargoyle but does no damage. x2
The molten gargoyle blasts magma at you!
The bolt of magma hits you!!
* * * LOW HITPOINT WARNING * * *
The bolt of magma hits your orc!!!
Your orc dies!
Your orc warrior hits the molten gargoyle with a +1 long sword.
You closely miss the molten gargoyle.
The molten gargoyle is heavily damaged.
You hit the molten gargoyle.
Your orc wizard gestures wildly while chanting.
Your orc wizard flickers and vanishes for a moment.
The molten gargoyle blasts magma at you!
The bolt of magma hits you!!
You die...

#..ooo. ####o## ######
#.[.# .#.#.#.# ##.####
#.#.#.#.###+### #......
.≈.≈...#......# #......
≈≈≈§§.#.......# #......
≈≈≈≈§≈9#.o....####......
#@9oo...##.....)..
≈88≈≈..#o.....##.#o.....
≈§§≈≈.#...>...'..#......
≈§§9≈..#......####......
≈.≈...#.+###### #......
.#.#.#.# #####.. #.#.#.#
##....# ###### #......
#......


You could see 3 molten gargoyles, 2 friendly orc warriors and 2 friendly orc
wizards.

Vanquished Creatures
  A two-headed ogre zombie (D:9)
  Menkaure (D:5)
  A water moccasin (D:7)
  A centaur (D:9)
  2 phantoms (D:9)
  3 kobold brigands
  2 bullfrogs
  Blork the orc (D:5)
  2 scorpions
  3 wights (D:7)
  A troll zombie (D:9)
  3 killer bees (D:8)
  5 jellies
  3 orc priests
  3 hounds
  7 iguanas
  A sleepcap (D:7)
  3 ogre zombies (D:9)
  Robin (D:3)
  6 adders
  2 shadow imps (D:6)
  A white imp (D:8)
  A worm (D:4)
  2 dart slugs
  2 orcs (D:5)
  6 endoplasms
  3 giant cockroaches
  16 goblins
  13 hobgoblins
  12 jackals
  3 quokkas
  5 ball pythons
  3 bats (D:3)
  2 frilled lizards
  2 goblin zombies (D:9)
  3 hobgoblin zombies (D:9)
  19 kobolds
  4 orc skeletons (D:9)
  5 orc zombies (D:9)
  20 rats
174 creatures vanquished.

Vanquished Creatures (collateral kills)
  2 ice beasts
  2 centaurs
  A kobold brigand (D:9)
  2 bullfrogs (D:6)
  2 wights (D:7)
  A troll zombie (D:9)
  A killer bee (D:8)
  2 hounds
  A jelly (D:5)
  An orc priest (D:6)
  An iguana (D:6)
  An orc wizard (D:6)
  2 ogre zombies (D:9)
  An adder (D:5)
  A shadow imp (D:5)
  An ufetubus (D:6)
  2 goblin zombies (D:9)
  2 hobgoblin skeletons (D:9)
  A hobgoblin zombie (D:9)
  5 kobolds
  An orc skeleton (D:9)
  5 orc zombies (D:9)
38 creatures vanquished.

Vanquished Creatures (others)
  2 orc warriors
  5 orcs
  A kobold (D:3)
8 creatures vanquished.

Grand Total: 220 creatures vanquished

Notes
Turn   | Place    | Note
-------+----------+-------------------------------------------
     0 | D:1      | Okkudo the Hill Orc Monk began the quest for the Orb.
     0 | D:1      | Reached XP level 1. HP: 19/19 MP: 1/1
    84 | D:1      | Reached XP level 2. HP: 27/27 MP: 2/2
   377 | D:1      | Reached XP level 3. HP: 33/33 MP: 3/3
   594 | D:1      | Found a faded altar of an unknown god.
   879 | D:2      | Found a sacrificial altar of Ru.
  1312 | D:3      | Noticed Robin
  1322 | D:2      | Reached XP level 4. HP: 34/41 MP: 4/4
  1409 | D:3      | Reached skill level 5 in Axes
  1428 | D:3      | Identified the +6 dagger "Ygujoaz" {antimagic, *Corrode rN+
                  | Dex+3}
  1520 | D:3      | Killed Robin
  1584 | D:3      | Became a worshipper of Beogh the Brigand
  1584 | D:3      | Reached * piety under Beogh
  1584 | D:3      | Reached ** piety under Beogh
  1598 | D:3      | Found an opulent altar of Gozag.
  1599 | D:3      | Found a sparkling altar of Nemelex Xobeh.
  1663 | D:3      | Reached XP level 5. HP: 44/47 MP: 5/5
  1984 | D:4      | Found an iron altar of Okawaru.
  1986 | D:4      | Found a glowing golden altar of the Shining One.
  1989 | D:4      | Reached *** piety under Beogh
  1990 | D:4      | Reached skill level 6 in Axes
  2369 | D:4      | Reached skill level 7 in Axes
  2369 | D:4      | Reached XP level 6. HP: 51/55 MP: 6/6
  2661 | D:4      | Found a staircase to the Ecumenical Temple.
  2751 | D:5      | Entered Level 5 of the Dungeon
  2801 | D:5      | Noticed Menkaure
  2825 | D:5      | Killed Menkaure
  2826 | D:5      | Reached skill level 8 in Axes
  2934 | D:5      | Reached XP level 7. HP: 55/60 MP: 7/7
  3088 | D:5      | Found Qihem's Armour Shoppe.
  3096 | D:5      | Bought a +0 pair of boots for 58 gold pieces
  3128 | D:5      | Reached skill level 9 in Axes
  3262 | D:5      | Noticed Blork the orc
  3272 | D:5      | Killed Blork the orc
  3715 | D:6      | Reached skill level 10 in Axes
  3715 | D:6      | Reached **** piety under Beogh
  3840 | D:6      | Reached XP level 8. HP: 63/67 MP: 8/8
  3854 | D:6      | Found a white marble altar of Elyvilon.
  3855 | D:6      | Found a burning altar of Makhleb.
  4002 | D:6      | Reached skill level 11 in Axes
  4217 | D:6      | Found a bloodstained altar of Trog.
  4219 | D:6      | Found a shimmering blue altar of Sif Muna.
  4219 | D:6      | Found a hazy altar of Hepliaklqana.
  4221 | D:6      | Found a hide-covered altar of Uskayaw.
  4284 | D:6      | Found Qaleun's Jewellery Shop.
  4297 | D:6      | Reached skill level 12 in Axes
  4454 | D:6      | Noticed Wiggles's ghost (novice MiBe)
  4464 | D:6      | Found a runed translucent gate.
  4464 | D:6      | Found a runed translucent gate.
  4466 | D:6      | Found a runed translucent gate.
  4985 | D:7      | Reached skill level 13 in Axes
  5016 | D:7      | Reached XP level 9. HP: 6/72 MP: 9/9
  5048 | D:7      | Reached skill level 14 in Axes
  5518 | D:7      | Found a glowing silver altar of Zin.
  5518 | D:7      | Noticed an angel
  5700 | D:8      | Identified the +0 leather armour of Otoit {Int-5 Dex+5}
  5753 | D:8      | Reached ***** piety under Beogh
  6072 | D:8      | Identified the +0 hand axe of the Wolf {heavy, rPois rCorr
                  | Dex+2}
  6272 | D:8      | Found a staircase to the Lair.
  6529 | D:9      | Reached skill level 15 in Axes
  6620 | D:9      | Found a staircase to the Orcish Mines.
  6851 | D:9      | Reached skill level 16 in Axes
  6851 | D:9      | Reached skill level 5 in Fighting
  6925 | D:9      | Noticed a molten gargoyle
  6926 | D:9      | Noticed a molten gargoyle
  6929 | D:9      | Noticed a molten gargoyle
  6930 | D:9      | HP: 1/74 [molten gargoyle/bolt of magma (27)]
  6931 | D:9      | Killed from afar by a molten gargoyle

Illustrated notes

Levels and vault maps discovered:
D:1:      wander_arrival_desolate, layout_basic,
          shapermc_ecumenical_altar_petra, serial_bayou_ford_a
D:2:      layout_loops_ring, basic_altar
D:3:      layout_rooms, grunt_temple_overflow_opulence, minmay_rat_hole,
          uniq_robin
D:4:      layout_basic, chequers_temple_overflow_statue_of_worship,
          minmay_temple_entry_statues_pillars, interstate_on_off
D:5:      layout_loops_corners, serial_shops, shop, uniq_menkaure,
          uniq_blork_the_orc
D:6:      layout_layer_cave, grunt_temple_overflow_open, gammafunk_ghost_split,
          nicolae_stop_n_shop_1, minmay_circle_x
D:7:      layout_loops_ring, zin_angel
D:8:      layout_basic, lair_entry_dummy
D:9:      layout_roguey, zombieorc2_lemuel, minivault_8

Skill      XL: |  1  2  3  4  5  6  7  8  9 |
---------------+----------------------------+-----
Fighting       | 4 5 |  5.0
Dodging        | 3 |  3.3
Axes           | 5 7 8 10 13 16 | 16.0

Action                     |  1- 3 |  4- 6 |  7- 9 || total
---------------------------+-------+-------+-------++-------
  Melee: Hand axe          |    83 |       |       ||    83
         War axe           |    27 |   132 |   203 ||   362
         Battleaxe         |       |       |     4 ||     4
  Throw: Dart              |       |       |     2 ||     2
 Invoke: Convert to Beogh  |       |     1 |       ||     1
    Use: Scroll            |       |     6 |     4 ||    10
 Armour: Ring mail         |    28 |       |       ||    28
         Chain mail        |    12 |    67 |   128 ||   207
  Dodge: Dodged            |    55 |    59 |   107 ||   221
